AoeStats
← 布丁

Arena

506880772Analyzed
4v4 RM · 16d ago on Sep 15, 2026· 47m 44s· 8 players
Game mode
Random Map
Map size
Large (8 player)
Population
200
Speed
Normal
Resources
Standard
Victory
Conquest
Starting age
Dark Age
Ending age
Imperial Age
RankedLock teamsTeams togetherTeam positionsShared explorationLock speedFull tech treeHidden civsTurbo modeCheats
Victory
Defeat
🇺🇸 Ethiopians · United States
927
+14
🇨🇱 Turks · Chile
884
+16
🇺🇦 Koreans · Ukraine
881
+16
🇺🇸 Sicilians · United States
846
+17
🇨🇳 Khmer · China
883
-24
🇹🇼 Goths · Taiwan
879
-16
🇷🇺 Burgundians · Russia
876
-16
🇹🇼 Huns · Taiwan
869
-17
幻幻
2:30 Loom
4:37 Loom
12:19 Feudal Age
14:04 Wheelbarrow
14:34 Double-Bit Axe
17:02 Gold Mining
17:06 Stone Mining
17:16 Horse Collar
19:13 Scale Barding Armor
18:58 Fletching
21:31 Castle Age
22:44 Hand Cart
22:36 Heavy Plow
22:48 Bow Saw
23:10 Husbandry
24:11 Bloodlines
26:56 Gold Shaft Mining
28:15 Scale Barding Armor
31:04 Ballistics
33:27 Chain Barding Armor
布丁
1:11 Loom
13:16 Feudal Age
14:49 Wheelbarrow
17:57 Castle Age
18:21 Double-Bit Axe
18:25 Horse Collar
19:04 Hand Cart
21:36 Gold Mining
27:29 Caravan
33:58 Imperial Age
31:20 Pikeman
32:01 Squires
34:44 Perfusion
34:45 Anarchy
34:10 Halberdier
38:20 Chemistry
784f22fd
13:35 Feudal Age
16:42 Castle Age
15:09 Horse Collar
15:16 Double-Bit Axe
17:53 Heavy Plow
18:09 Bow Saw
18:39 Wheelbarrow
27:36 Forging
27:41 Husbandry
31:56 Imperial Age
30:10 Bloodlines
30:48 Tusk Swords
31:59 Gold Mining
32:01 Stone Mining
33:04 Elite Battle Elephant
35:36 Conscription
36:43 Iron Casting
36:15 Scale Barding Armor
36:05 Heavy Scorpion
36:50 Double Crossbow
38:31 Chemistry
44:45 Chain Barding Armor
45:26 Blast Furnace
Etheling
2:13 Loom
11:50 Feudal Age
10:39 Double-Bit Axe
10:38 Horse Collar
11:32 Gold Mining
12:59 Bow Saw
13:35 Heavy Plow
15:54 Gold Shaft Mining
17:31 Wheelbarrow
18:19 Stone Mining
19:07 Wheelbarrow
21:50 Castle Age
20:35 Forging
21:52 Scale Barding Armor
23:29 Crop Rotation
37:00 Hand Cart
39:50 Husbandry
mrbubbles019
10:09 Feudal Age
13:41 Castle Age
12:20 Double-Bit Axe
12:30 Horse Collar
14:32 Bow Saw
15:39 Wheelbarrow
20:13 Loom
20:15 Town Watch
21:12 Heavy Plow
28:03 Man-at-Arms
30:07 Forging
29:57 Scale Mail Armor
32:37 Imperial Age
30:24 Hand Cart
29:34 Long Swordsman
29:55 Elite Skirmisher
31:30 Iron Casting
32:45 Chain Mail Armor
32:18 Arson
33:06 Gold Mining
32:48 Two-Handed Swordsman
33:24 Fletching
34:36 Blast Furnace
34:37 Plate Mail Armor
36:22 Squires
36:22 Fletching
36:32 Padded Archer Armor
36:55 Ballistics
37:36 Chemistry
38:12 Gold Shaft Mining
37:36 Stone Mining
37:55 Town Patrol
38:10 Masonry
38:12 Fortified Wall
38:08 Siege Engineers
38:42 Bodkin Arrow
39:02 Leather Archer Armor
39:14 Masonry
41:22 Thumb Ring
44:00 Architecture
43:09 Crossbowman
43:39 Halberdier
48:20 Conscription
schmilkers
12:28 Feudal Age
14:50 Loom
15:34 Double-Bit Axe
18:10 Castle Age
17:44 Stone Mining
17:37 Horse Collar
18:20 Gold Mining
25:27 Stone Shaft Mining
26:16 Wheelbarrow
25:28 Town Watch
25:57 Bow Saw
28:39 First Crusade
30:52 Forging
30:33 Fletching
30:43 Padded Archer Armor
30:44 Scale Mail Armor
30:49 Scale Barding Armor
33:20 Imperial Age
32:49 Caravan
32:58 Murder Holes
33:24 Ballistics
33:15 Masonry
33:26 Husbandry
33:36 Bloodlines
34:10 Gold Shaft Mining
34:00 Hand Cart
34:40 Conscription
37:15 Pikeman
37:16 Man-at-Arms
37:41 Gambesons
37:57 Squires
37:42 Arson
39:11 Town Patrol
38:52 Crossbowman
41:04 Hoardings
40:12 Elite Serjeant
42:04 Halberdier
43:44 Chain Mail Armor
43:25 Bodkin Arrow
44:06 Iron Casting
43:47 Leather Archer Armor
43:16 Capped Ram
46:44 Siege Ram
46:52 Long Swordsman
Cte_Inferno
5:24 Loom
MagnaFox
3:14 Loom
10:20 Feudal Age
10:28 Feudal Age
16:13 Castle Age
14:59 Loom
17:25 Wheelbarrow
16:51 Gold Mining
17:17 Double-Bit Axe
18:21 Fletching
18:48 Bow Saw
26:36 Horse Collar
29:47 Hand Cart
29:17 Town Watch
29:37 Pikeman
31:02 Bodkin Arrow
31:22 Heavy Plow
31:59 Gold Shaft Mining
31:15 Stone Mining
31:22 Gambesons
32:42 Stone Mining
34:09 Squires
35:09 Ballistics
42:12 Imperial Age
42:06 Town Patrol
42:47 Stone Shaft Mining
43:28 Halberdier
44:41 Conscription
44:45 Shinkichon
46:31 Chemistry
45:28 Elite Fire Lancer
47:02 Bracer
47:04 Scale Mail Armor
Connection lost

Rejoining the realm…

Still unreachable

The connection could not be restored.

Session expired

The server has moved on; the page needs a fresh start.